 Dungeon Crawl Stone Soup version 0.27.1-16-g815e20cd7a (webtiles) character file.

Game seed: 15522227724937893375

51 riftmaster1123 the Skirmisher (level 3, -2/29 HPs)
             Began as a Minotaur Monk on Nov 21, 2021.
             Slain by a goblin (3 damage)
             ... on level 3 of the Dungeon.
             The game lasted 00:11:15 (1330 turns).

riftmaster1123 the Skirmisher (Minotaur Monk)       Turns: 1330, Time: 00:11:16

Health: -2/29      AC:  3    Str: 14 (16) XL:     3   Next: 57%
Magic:  2/2        EV: 13    Int:  4 (7)  God:
Gold:   135        SH:  0    Dex: 13 (14) Spells: 1/2 levels left

rFire    . . .     SeeInvis .   a - +0 hand axe
rCold    . . .     Faith    .   (no shield)
rNeg     . . .     Spirit   .   b - +0 robe
rPois    .         Reflect  .   (helmet restricted)
rElec    .         Harm     .   c - +0 cloak
rCorr    .         Rampage  .   (no gloves)
Will     .....                  (no boots)
Stlth    +++.......             (no amulet)
HPRegen  0.09/turn              (no ring)
MPRegen  0.08/turn              (no ring)

@: no status effects
A: horns 2, retaliatory headbutt, thin skeletal structure 1, frail 1
a: no special abilities


You were on level 3 of the Dungeon.
You visited 1 branch of the dungeon, and saw 3 of its levels.

You collected 135 gold pieces.

Inventory:

Hand Weapons
 a - a +0 hand axe (weapon)
 i - a +0 dagger of venom
Missiles
 e - 107 stones (quivered)
 f - 9 poisoned darts
 h - 38 arrows
Armour
 b - a +0 robe (worn)
 c - a +0 cloak (worn)
Magical Staves
 d - a staff of fire


   Skills:
 * Level 4.3 Fighting
 + Level 4.1 Axes
 + Level 0.1 Throwing
 * Level 1.2 Armour
 + Level 3.7 Dodging
 + Level 1.5 Stealth
 * Level 0.4 Spellcasting


You had one spell level left.
You knew the following spells:

 Your Spells              Type           Power      Damage    Failure   Level
a - Sting                 Tmut/Pois      0%         1d3       50%         1

Your spell library contained the following spells:

 Spells                   Type           Power      Damage    Failure   Level
 Poisonous Vapours        Pois/Air       0%         N/A       63%         2
 Olgreb's Toxic Radiance  Pois           0%         N/A       99%         4


Dungeon Overview and Level Annotations

Branches:
Dungeon (3/15)

Altars:


Innate Abilities, Weirdness & Mutations

You have a pair of horns on your head.
You reflexively headbutt those who attack you in melee.
You have a somewhat thin skeletal structure. (Dex +2, Stealth+)
You are frail. (-10% HP)


Message History

Aim: a gnoll, wielding a +0 spear (63% to hit)
You throw a stone. The stone closely misses the gnoll.
A gnoll comes into view. It is wielding a +0 whip.
The gnoll hits you from afar with a +0 spear.
Found a scroll labelled LOKHLET JUYMIU.
The gnoll completely misses you.
Okay, then.
You aren't carrying any scrolls.
Casting: Sting (safe; 41% risk of failure)
Confirm with . or Enter, or press ? or * to list all spells.
Aiming: Sting (safe; 41% risk of failure)
Press: ? - help, Shift-Dir - straight line, f/p - gnoll
Aim: a gnoll, wielding a +0 spear (69% to hit)
You miscast Sting.
You are very lightly contaminated with residual magic.
Nothing appears to happen.
The gnoll hits you from afar with a +0 spear.
A goblin comes into view. It is wielding a +0 club.
The gnoll misses you.
The goblin shouts!
Found a stone staircase leading up.
The gnoll hits you from afar with a +0 spear!
* * * LOW HITPOINT WARNING * * *
Your magical contamination has completely faded away.
It was a potion of mutation.
You feel extremely strange.
You feel frail.
Your bones become slightly less dense.
The gnoll hits you from afar with a +0 spear.
* * * LOW HITPOINT WARNING * * *
The goblin hits you with a +0 club.
* * * LOW HITPOINT WARNING * * *
It was a potion of degeneration.
There was something very wrong with that liquid.
You feel weakened.
You feel dopey.
You feel clumsy. The gnoll closely misses you.
The goblin hits you with a +0 club.
* * * LOW HITPOINT WARNING * * *
The kobold hits you with a +0 whip.
* * * LOW HITPOINT WARNING * * *
Found 7 gold pieces.
You barely miss the kobold. You hit the goblin.
The goblin hits you with a +0 club.
You die...

############
##..........##
#......@.....##
.......Kg.....#
.......g.g....#
..............#
$.............#
..............#
#............##
##...........#
#####.####..####


You could see 2 gnolls, a goblin and a kobold.

Vanquished Creatures
  2 adders (D:2)
  2 bats (D:2)
  2 endoplasms
  A giant cockroach (D:1)
  3 goblins
  3 hobgoblins
  5 kobolds
  3 quokkas (D:1)
  4 ball pythons
  3 frilled lizards
  2 rats (D:2)
30 creatures vanquished.

Notes
Turn   | Place    | Note
-------+----------+-------------------------------------------
     0 | D:1      | riftmaster1123 the Minotaur Monk began the quest for the
                  | Orb.
     0 | D:1      | Reached XP level 1. HP: 19/19 MP: 0/0
   272 | D:1      | You fall into a shaft and drop 1 floor!
   285 | D:2      | Reached skill level 1 in Armour
   285 | D:2      | Reached XP level 2. HP: 25/27 MP: 1/1
   298 | D:2      | Learned a level 1 spell: Sting
   678 | D:1      | Reached XP level 3. HP: 5/33 MP: 0/2
  1323 | D:3      | Gained mutation: You are frail. (-10% HP) [potion of
                  | mutation]
  1323 | D:3      | Gained mutation: You have a somewhat thin skeletal
                  | structure. (Dex +2, Stealth+) [potion of mutation]
  1328 | D:3      | HP: 1/29 [kobold (2)]
  1330 | D:3      | Slain by a goblin

Illustrated notes

Levels and vault maps discovered:
D:1:      dpeg_arrival_long_road, layout_basic
D:2:      layout_rooms
D:3:      layout_rooms, ebering_ecumenical_altar_webs

Skill      XL: |  1  2  3 |
---------------+----------+-----
Armour         | 1 |  1.2
Fighting       | 4 |  4.3
Axes           | 4 |  4.1
Throwing       | |  0.1
Dodging        | |  3.7
Stealth        | |  1.5
Spellcasting   | |  0.4

Action                   || total
-------------------------++-------
Melee: Hand axe          ||    48
       Headbutt          ||     5
Throw: Stone             ||     9
 Cast: Sting             ||     8
  Use: Potion            ||     4
 Stab: Sleeping          ||     1
Armor: Robe              ||     7
Dodge: Dodged            ||    46
